 Dungeon Crawl Stone Soup version 0.31-a0-236-g9a0961fb85 (webtiles) character file.

Game seed: 11123105636647362111

100 qw the Shooter (level 4, -2/36 HPs)
             Began as a Minotaur Hexslinger on July 10, 2023.
             Slain by an orc wizard
             ... wielding a +0 dagger
              (3 damage)
             ... on level 3 of the Dungeon.
             The game lasted 00:00:44 (1831 turns).

qw the Shooter (Minotaur Hexslinger)                Turns: 1831, Time: 00:00:45

Health: -2/36      AC:  2    Str: 18    XL:     4   Next: 46%
Magic:  4/4        EV: 13    Int: 10    God:
Gold:   131        SH:  0    Dex: 21    Spells: 4/5 levels left

rFire   . . .        Y - +3 sling
rCold   . . .        (no shield)
rNeg    . . .        c - +0 robe
rPois   .            (helmet restricted)
rElec   .            (no cloak)
rCorr   .            (no gloves)
SInv    .            (no boots)
Will    .....        i - amulet of regeneration
Stlth   ++           a - +6 ring of dexterity
HPRegen 1.06/turn    j - +6 ring of strength
MPRegen 0.09/turn

%: no passive effects
@: no status effects
A: horns 2, retaliatory headbutt
a: no special abilities


You were on level 3 of the Dungeon.
You visited 1 branch of the dungeon, and saw 3 of its levels.

You collected 131 gold pieces.


Innate Abilities, Weirdness & Mutations

You have a pair of horns on your head.
You reflexively headbutt those who attack you in melee.


   Skills:
 + Level 2.1 Fighting
 - Level 5.0 Ranged Weapons
 - Level 2.1 Dodging
 - Level 1.0 Spellcasting
 - Level 2.0 Hexes


You had 4 spell levels left.
You knew the following spells:

 Your Spells              Type           Power      Damage    Failure   Level
a - Slow                  Hex            16%        N/A       16%         1

Your spell library contained the following spells:

 Spells                   Type           Power      Damage    Failure   Level
 Inner Flame              Hex/Fire       2%         N/A       56%         3
 Portal Projectile        Hex/Tloc       4%         N/A       56%         3
 Cause Fear               Hex            2%         N/A       83%         4

Inventory:

Hand Weapons
 Y - a +3 sling (weapon)
Armour
 c - a +0 robe (worn)
 d - a +0 ring mail
Jewellery
 a - a +6 ring of dexterity (left hand)
 h - a ring of fire
 i - an amulet of regeneration (around neck)
 j - a +6 ring of strength (right hand)
Scrolls
 b - a scroll of identify
Potions
 e - 2 potions of heal wounds {unknown}
 f - a potion of mutation {unknown}

Dungeon Overview and Level Annotations

Branches:
Dungeon (3/15)

Altars:
The Shining One


Message History

You shoot a sling bullet.
The sling bullet hits the orc wizard but does no damage.
The orc wizard is lightly wounded.
The orc wizard casts a spell at you. The puff of flame hits you!
You shoot a sling bullet.
The sling bullet hits the orc wizard but does no damage.
The orc wizard is lightly wounded.
You hear a shout!
The orc wizard gestures at you while chanting.
You are confused.
The orc wizard hits you but does no damage.
The orc wizard closely misses you. The orc wizard closely misses you.
The orc wizard hits you with a +0 dagger.
The orc wizard hits you with a +0 dagger.
You feel less confused. The orc wizard closely misses you.
You shoot a sling bullet. The sling bullet hits the orc wizard.
The orc wizard is moderately wounded.
The orc wizard hits you with a +0 dagger.
You shoot a sling bullet.
The sling bullet barely misses the orc wizard.
The sling bullet hits the orc.
The orc is almost dead.
The orc wizard casts a spell at you.
You are confused.
The orc wizard misses you. The orc wizard closely misses you.
The orc wizard points at you and mumbles some strange words.
The magic dart hits you.
The orc wizard hits you but does no damage.
The orc wizard hits you with a +0 dagger.
The orc wizard hits you with a +0 dagger.
The orc wizard casts a spell at you. You resist with some effort.
You feel less confused.
The orc hits you from afar with a +0 trident.
The orc wizard hits you with a +0 dagger.
You die...

.. .# ## o# ######.
.. ....... o#
#######.
.######........
......>........
####o..............
#.@oo.$...#........
#.#######.#.#.....<
#.# #)#....#.#. #.#
#...#..#.#. #.#
#...# # ..
##.#######...# ###
#........#.#.# ...
##.#######.#.#######
#.# #..........##


You could see an orc wizard and 2 orcs.

Vanquished Creatures
  An iguana (D:3)
  A shadow imp (D:3)
  A worm (D:2)
  3 dart slugs
  2 orcs (D:3)
  7 endoplasms
  2 giant cockroaches
  2 goblins
  8 hobgoblins
  4 jackals (D:2)
  6 ball pythons
  3 bats
  2 frilled lizards (D:3)
  7 kobolds
  4 rats
53 creatures vanquished.

Notes
Turn   | Place    | Note
-------+----------+-------------------------------------------
     0 | D:1      | qw the Minotaur Hexslinger began the quest for the Orb.
     0 | D:1      | Reached XP level 1. HP: 16/16 MP: 1/1
     0 | D:1      | 0 ||| qw: Version: 0.3-a-52-g30416fa
     0 | D:1      | 0 ||| qw: Game counter: 4557
     0 | D:1      | 0 ||| qw: Melee chars always use a shield: true
     0 | D:1      | 0 ||| qw: God list: Okawaru
     0 | D:1      | 0 ||| qw: Allow faded altars: false
     0 | D:1      | 0 ||| qw: Do Orc after clearing Dungeon:15 true
     0 | D:1      | 0 ||| qw: Do second Lair branch before Depths: true
     0 | D:1      | 0 ||| qw: Lair rune preference: random
     0 | D:1      | 0 ||| qw: Goals: Normal
     0 | D:1      | 0 ||| PLANNING D:1-11
   119 | D:1      | Reached skill level 3 in Ranged Weapons
   125 | D:1      | Reached XP level 2. HP: 23/23 MP: 2/2
   367 | D:1      | You fall into a shaft and drop 1 floor!
   368 | D:2      | 368 ||| READING scroll labelled BAERHI HESAC.
   369 | D:2      | 369 ||| READING scroll labelled BERALO RUFRI.
   370 | D:2      | 370 ||| READING scroll labelled UTZIDY IPHOSUM.
   384 | D:2      | 384 ||| READING scroll labelled LADIUN ECOGOEL.
   385 | D:2      | 385 ||| READING scroll labelled ADIPNUYNAF.
   386 | D:2      | 386 ||| DROPPING scroll of poison.
   389 | D:2      | 389 ||| FLEEEEING.
   390 | D:2      | 390 ||| FLEEEEING.
   391 | D:2      | 391 ||| STAIRDANCE
   715 | D:1      | 715 ||| READING scroll labelled GIOSKE NUGUK.
   716 | D:1      | 716 ||| READING 2 scrolls labelled XECVUMOPHA.
   758 | D:2      | Found a glowing golden altar of the Shining One.
   778 | D:2      | Reached XP level 3. HP: 27/29 MP: 3/3
   847 | D:2      | Found a faded altar of an unknown god.
  1180 | D:2      | Reached skill level 4 in Ranged Weapons
  1267 | D:2      | 1267 ||| UPGRADING to amulet of regeneration.
  1272 | D:2      | 1272 ||| UPGRADING to +6 ring of dexterity.
  1273 | D:2      | 1273 ||| UPGRADING to +6 ring of strength.
  1274 | D:2      | 1274 ||| READING scroll labelled VOETER GOEHA.
  1275 | D:2      | 1275 ||| READING scroll labelled EHUHOL BAISH.
  1276 | D:2      | 1276 ||| READING 2 scrolls of identify.
  1276 | D:2      | 1276 ||| IDENTIFYING fizzy amethyst potion
  1277 | D:2      | 1277 ||| DROPPING potion of attraction.
  1392 | D:3      | 1392 ||| READING scroll of enchant weapon.
  1392 | D:3      | 1392 ||| ENCHANTING +2 sling.
  1540 | D:3      | Reached XP level 4. HP: 19/36 MP: 4/4
  1787 | D:3      | Reached skill level 5 in Ranged Weapons
  1805 | D:3      | 1805 ||| Stepping ~*~*~tactically~*~*~ (outnumbered).
  1807 | D:3      | 1807 ||| Stepping ~*~*~tactically~*~*~ (outnumbered).
  1815 | D:3      | HP: 7/36 [orc wizard/puff of flame (9)]
  1821 | D:3      | HP: 9/36 [orc wizard/+0 dagger (3)]
  1826 | D:3      | HP: 9/36 [orc wizard/magic dart (3)]
  1831 | D:3      | HP: 1/36 [orc/+0 trident (6)]
  1831 | D:3      | Slain by an orc wizard

Levels and vault maps discovered:
D:1:      moated_graveyard_arrival, layout_basic, hex_tiny
D:2:      layout_rooms, hellmonk_ecumenical_altar_inner_sanctum, basic_altar,
          hex_intersection, minmay_pentomino_o4
D:3:      kb_forest_paths, layout_basic, grunt_qazlal_sundering,
          minmay_fractal_squares_gapless_5, uniq_natasha

Skill      XL: |  1  2  3  4 |
---------------+-------------+-----
Ranged Weapons | 3 4 5 |  5.0
Fighting       | 2 |  2.1
Dodging        | |  2.1
Spellcasting   | |  1.0
Hexes          | |  2.0

Action                     |  1- 3 |  4- 6 || total
---------------------------+-------+-------++-------
   Fire: Sling             |   123 |    15 ||   138
    Use: Scroll            |    11 |       ||    11
 Armour: Robe              |     6 |     2 ||     8
  Dodge: Dodged            |    18 |     5 ||    23

Table legend:
 A = Non-vault XP
 B = Vault XP
 C = Vault XP percentage of total XP
 D = Non-vault monster count
 E = Vault monster count
 F = Vault count percentage of total count
                 A         B        C        D         E       F
            +---------+---------+-------+---------+---------+-------
      Total |      81 |      62 |  43.4 |      43 |      10 |  18.9
            +---------+---------+-------+---------+---------+-------
        D:1 |      36 |       0 |   0.0 |      21 |       0 |   0.0
        D:2 |      21 |       6 |  22.2 |      10 |       4 |  28.6
        D:3 |      24 |      56 |  70.0 |      12 |       6 |  33.3
            +---------+---------+-------+---------+---------+-------
